 Dungeon Crawl Stone Soup version 0.25-a0-413-g3b4b6a4ccc (webtiles) character file.

Game seed: 4609428204913945599, levelgen mode: deterministic

21351 Gargoyl the Envoy of Void (level 12, -2/100 HPs)
             Began as a Centaur Abyssal Knight on Jan 16, 2020.
             Was a High Priest of Lugonu.
             Slain by a reaper
             ... wielding a +2 scythe of freezing
              (37 damage)
             ... in an ice cave.
             The game lasted 00:21:30 (15031 turns).

Gargoyl the Envoy of Void (Centaur Abyssal Knight) Turns: 15031, Time: 00:21:31

Health: -2/100     AC: 18    Str: 19    XL:     12   Next: 53%
Magic:  0/19       EV:  6    Int: 11    God:    Lugonu [*****.]
Gold:   723        SH:  6    Dex: 10    Spells: 11/11 levels left

rFire    . . .     SeeInvis .   a - +2 hand axe (elec)
rCold    + . .     Gourm    .   h - +2 buckler
rNeg     + . .     Faith    .   G - +2 plate armour {rC+}
rPois    .         Spirit   .   B - +2 hat {MR+}
rElec    .         Reflect  .   z - +0 cloak
rCorr    .         Harm     .   b - +0 pair of gloves
MR       +++..                  (no barding)
Stlth    ..........             x - macabre finger necklace {rN+}
HPRegen  0.26/turn              F - ring of protection from magic
MPRegen  0.16/turn              A - ring of protection from magic
                                (no ring)

@: very quick
A: large, hooves 3, deformed body, speed 2, tough skin 3
a: Depart the Abyss, Bend Space, Banish, Corrupt, Enter the Abyss, Renounce
Religion


You were in an ice cave.
You worshipped Lugonu.
Lugonu was extremely pleased with you.
You were not hungry.

You visited 2 branches of the dungeon, and saw 10 of its levels.
You visited the Abyss 1 time.
You also visited: Ossuary and Ice Cave.

You collected 723 gold pieces.

Inventory:

Hand Weapons
 a - a +2 hand axe of electrocution (weapon)
 m - a +0 executioner's axe of freezing
 v - a +2 hand axe of draining
Armour
 b - a +0 pair of gloves (worn)
 d - a +2 scale mail of fire resistance
 h - a +2 buckler (worn)
 z - a +0 cloak (worn)
 B - a +2 hat of magic resistance (worn)
 G - a +2 plate armour of cold resistance (worn)
Jewellery
 x - the macabre finger necklace (around neck) {rN+}
   (You found it on level 5 of the Dungeon)

   [amulet of nothing]

   It protects you from negative energy.
 A - a ring of protection from magic (right hand)
 F - a ring of protection from magic (left hand)
Wands
 l - a wand of polymorph (6)
 q - a wand of iceblast (3)
 y - a wand of enslavement (9)
 C - a wand of random effects (24)
Scrolls
 f - 5 scrolls of magic mapping
 g - 9 scrolls of remove curse
 k - a scroll of identify
 o - 5 scrolls of teleportation
 D - 2 scrolls of fear
Potions
 e - 4 potions of curing
 i - a potion of resistance
 j - 3 potions of brilliance
 n - a potion of mutation {unknown}
 p - 5 potions of haste {unknown}
 r - 2 potions of degeneration {unknown}
 s - a potion of cancellation {unknown}
 t - 2 potions of flight {unknown}
 u - a potion of might
 E - a potion of agility
Comestibles
 c - 9 rations


   Skills:
 + Level 7.2 Fighting
 + Level 8.5 Axes
   Level 3.0(4.1) Slings
 + Level 4.3(4.7) Throwing
 * Level 8.4 Armour
 * Level 6.8 Dodging
 + Level 4.3 Shields
 * Level 10.1 Invocations
 + Level 3.5 Evocations


You had 11 spell levels left.
You didn't know any spells.
Your spell library contained the following spells:

 Spells                   Type           Power        Failure   Level  Hunger
 Corona                   Hex            #......      100%        1    ##.....
 Shock                    Conj/Air       #...         100%        1    ##.....
 Slow                     Hex            #.......     100%        2    ###....
 Swiftness                Chrm/Air       #.......     100%        2    ###....
 Inner Flame              Hex/Fire       #.......     100%        3    ####...
 Portal Projectile        Hex/Tloc       #.....       100%        3    ####...
 Static Discharge         Conj/Air       #.......     100%        3    ####...
 Airstrike                Air            #.........   100%        4    #####..
 Cause Fear               Hex            #.........   100%        4    #####..
 Leda's Liquefaction      Hex/Erth       #.........   100%        4    #####..
 Lightning Bolt           Conj/Air       #.........   100%        5    ######.


Dungeon Overview and Level Annotations

Branches:
Dungeon (8/15)             Temple (0/1) D:7            Lair (2/6) D:8
Ossuary (visited)           IceCv (1/1)
  Swamp: Lair:2-4    Shoals: Lair:2-4     Snake: Lair:2-4    Spider: Lair:2-4

Altars:
Cheibriados
Dithmenos
Elyvilon
Kikubaaqudgha
Qazlal
Uskayaw
Wu Jian
Yredelemnul
Zin
The Shining One

Shops:
D:5 *   D:7 *

Annotations:
D:5 1 runed translucent door, Tinttamiau's ghost, novice OpWn


Innate Abilities, Weirdness & Mutations

You have hooves in place of feet.
Armour fits poorly on your strangely shaped body.
You cover ground very quickly.
You have extremely tough skin. (AC +3)


Message History

Unknown command.
You feel much better. You block the ufetubus's attack.
The ufetubus hits you but does no damage.
The ufetubus barely misses you.
The ufetubus hits you but does no damage.
The reaper hits you with a +2 scythe of freezing.
Press: ? - help, Shift-Dir - straight line, f/p - reaper
Aim: a reaper, wielding a +2 scythe of freezing (moderately wounded, chance to defeat MR: 24%)
The reaper resists with almost no effort.
You feel somewhat more hungry. The ufetubus hits you.
The ufetubus barely misses you.
Unknown command.
Press: ? - help, Shift-Dir - straight line, f/p - reaper
Aim: a reaper, wielding a +2 scythe of freezing (moderately wounded, chance to defeat MR: 24%)
The reaper resists with almost no effort.
You feel somewhat more hungry.
The ufetubus hits you but does no damage.
The ufetubus hits you.
The reaper hits you with a +2 scythe of freezing!!!
You die...

### ## ##### ##
..##
#...##():##...#
∩..##
#.)...52....).#
....# ###@###
∩...# #.....###
...## ##......###
..##
......#.....####
.§##
##....#.....#..###
§§§#
###..#..###.....##
.§☼#
...#§..§.......##
§§##
##...☼≈.##§..§...#
☼##
......##.§§§§..##


You could see a reaper and an ufetubus.

Vanquished Creatures
  Gastronok (Lair:1)
  Joseph (Lair:1)
  2 ice statues (IceCv)
  A rime drake (Lair:1)
  2 komodo dragons (Lair:1)
  6 ice devils (IceCv)
  Prince Ribbit (D:6)
  Grinder (D:3)
  4 hippogriffs
  A spriggan (D:8)
  Sigmund (D:2)
  A basilisk (Lair:1)
  A wyvern (Lair:1)
  4 yaks (Lair:1)
  A hungry ghost (D:4)
  Grum (D:5)
  3 water moccasins (Lair:1)
  3 orc warriors (D:7)
  3 porcupines
  A sky beast (D:8)
  An ice beast (D:5)
  A black bear (D:7)
  3 ogres
  2 wolves
  4 centaurs
  2 crocodiles
  An elf zombie (Ossuary)
  5 gnoll sergeants (D:5)
  9 bullfrogs
  A scorpion (Lair:1)
  18 wights
  4 crimson imps
  2 centaur zombies (Ossuary)
  12 hounds
  2 bullfrog zombies (D:8)
  2 human zombies (Ossuary)
  5 jellies
  3 gnoll shamans (D:5)
  2 orc priests
  5 orc wizards
  Crazy Yiuf (D:7)
  Jessica (D:3)
  Natasha (thrice) (D:4)
  2 worker ants
  A killer bee zombie (D:5)
  3 hound zombies
  Robin (D:3)
  4 mummies
  24 gnolls (D:5)
  5 adders
  A shadow imp (D:5)
  9 white imps (IceCv)
  5 ufetubi (IceCv)
  3 oozes
  3 adder zombies
  2 adder skeletons
  2 worms
  4 dart slugs
  6 leopard geckos
  15 orcs
  3 ball pythons
  9 bats
  10 giant cockroaches
  21 goblins
  7 hobgoblins
  20 jackals
  8 kobolds
  A quokka (D:7)
  5 frilled lizards
  2 gnoll zombies (Ossuary)
  3 goblin zombies (Ossuary)
  5 hobgoblin zombies (Ossuary)
  3 jackal zombies (Ossuary)
  2 kobold zombies (Ossuary)
  A leopard gecko skeleton (D:4)
  2 orc zombies (Ossuary)
  A quokka skeleton (D:5)
  8 quokka zombies
  8 rats
  3 rat zombies (Ossuary)
340 creatures vanquished.

Vanquished Creatures (others)
  A hydra (Lair:1)
  A troll (D:6)
  A hungry ghost (D:3)
  4 white imps (IceCv)
  2 ufetubi (IceCv)
9 creatures vanquished.

Grand Total: 349 creatures vanquished

Notes
Turn   | Place    | Note
-------+----------+-------------------------------------------
     0 | Abyss:1  | Gargoyl the Centaur Abyssal Knight began the quest for the
                  | Orb.
     0 | Abyss:1  | Reached XP level 1. HP: 19/19 MP: 2/2
    48 | Abyss:1  | Noticed a wight
    48 | Abyss:1  | Noticed a wight
    48 | Abyss:1  | Noticed a wight
    48 | Abyss:1  | Noticed a wight
    48 | Abyss:1  | Noticed a wight
    81 | Abyss:2  | Noticed a small abomination
   122 | Abyss:2  | Noticed a thrashing horror
   143 | Abyss:3  | Noticed a starcursed mass
   160 | Abyss:3  | Noticed a tentacled monstrosity
   165 | D:1      | Escaped the Abyss
   391 | D:1      | Reached XP level 2. HP: 22/26 MP: 3/3
   446 | D:1      | Reached skill level 1 in Dodging
   789 | D:1      | Reached skill level 1 in Slings
  1001 | D:2      | Noticed Sigmund
  1003 | D:2      | Reached * piety under Lugonu
  1003 | D:2      | Reached XP level 3. HP: 19/31 MP: 4/4
  1161 | D:2      | Killed Sigmund
  1161 | D:2      | Reached XP level 4. HP: 17/39 MP: 4/6
  1161 | D:2      | Reached XP level 5. HP: 20/45 MP: 4/7
  2168 | D:2      | Found an ornate altar of the Wu Jian Council.
  2426 | D:2      | Reached skill level 3 in Invocations
  2543 | D:3      | Reached ** piety under Lugonu
  2643 | D:3      | Reached XP level 6. HP: 50/52 MP: 8/8
  2921 | D:3      | Noticed Jessica
  2927 | D:3      | Killed Jessica
  2970 | D:3      | Noticed Robin
  2981 | D:3      | Killed Robin
  3123 | D:3      | Noticed a hungry ghost
  3126 | D:4      | Noticed Natasha
  3142 | D:4      | Killed Natasha
  3324 | D:4      | Found a glowing golden altar of the Shining One.
  3446 | D:4      | Found a stormy altar of Qazlal.
  3570 | D:4      | Noticed Natasha
  3579 | D:4      | Killed Natasha
  3634 | D:4      | Found a sand-covered staircase.
  3644 | Ossuary  | Entered an ossuary
  3826 | Ossuary  | Reached *** piety under Lugonu
  3829 | Ossuary  | Reached XP level 7. HP: 38/58 MP: 9/9
  4441 | Ossuary  | Reached skill level 4 in Invocations
  4637 | D:4      | Found a shadowy altar of Dithmenos.
  4679 | D:4      | Found a snail-covered altar of Cheibriados.
  4739 | D:4      | Noticed Natasha
  4757 | D:4      | Killed Natasha
  4944 | D:4      | Found a basalt altar of Yredelemnul.
  5056 | D:4      | Noticed an angel
  5092 | D:5      | Entered Level 5 of the Dungeon
  5094 | D:5      | Noticed a hungry ghost
  5421 | D:3      | Found an ancient bone altar of Kikubaaqudgha.
  5421 | D:3      | Noticed Grinder
  5457 | D:3      | Reached **** piety under Lugonu
  5488 | D:3      | Banished a hungry ghost
  5502 | D:3      | Paralysed by Grinder for 5 turns
  5535 | D:3      | Killed Grinder
  5535 | D:3      | Reached XP level 8. HP: 15/66 MP: 11/11
  5979 | D:4      | Reached skill level 1 in Shields
  6174 | D:5      | Noticed Tinttamiau's ghost (novice OpWn)
  6175 | D:5      | Found a runed translucent door.
  6201 | D:5      | Reached skill level 5 in Invocations
  6280 | D:5      | Reached skill level 5 in Axes
  6482 | D:5      | Noticed Grum
  6492 | D:5      | Killed Grum
  6830 | D:5      | Reached XP level 9. HP: 55/72 MP: 13/13
  7294 | D:5      | Reached ***** piety under Lugonu
  7294 | D:5      | Reached skill level 5 in Armour
  7315 | D:5      | Found Henomm's Assorted Antiques.
  7572 | D:5      | Found the macabre finger necklace {rN+}
  8248 | D:6      | Reached skill level 5 in Fighting
  8248 | D:6      | Reached skill level 5 in Dodging
  8248 | D:6      | Reached skill level 7 in Invocations
  8248 | D:6      | Reached XP level 10. HP: 83/83 MP: 13/15
  8249 | D:6      | Reached skill level 8 in Invocations
  8249 | D:6      | Reached XP level 11. HP: 91/91 MP: 13/17
  8714 | D:6      | Found a glowing golden altar of the Shining One.
  9246 | D:6      | Noticed Prince Ribbit
  9256 | D:6      | Killed Prince Ribbit
  9436 | D:7      | Found a hide-covered altar of Uskayaw.
  9452 | D:7      | Reached skill level 9 in Invocations
 10275 | D:7      | Found a staircase to the Ecumenical Temple.
 10374 | D:7      | Found a white marble altar of Elyvilon.
 10480 | D:7      | Found Zin's Purification Station.
 10482 | D:7      | Found a glowing silver altar of Zin.
 10687 | D:7      | Found a runed translucent door.
 10688 | D:7      | Noticed Crazy Yiuf
 10884 | D:7      | Killed Crazy Yiuf
 11265 | D:8      | Found a staircase to the Lair.
 11865 | Lair:1   | Entered Level 1 of the Lair of Beasts
 12416 | Lair:1   | Reached XP level 12. HP: 60/97 MP: 18/18
 12664 | Lair:1   | Noticed Joseph
 12679 | Lair:1   | Killed Joseph
 13038 | Lair:1   | Noticed a seven-headed hydra
 13043 | Lair:1   | Banished a seven-headed hydra
 13483 | Lair:2   | Noticed Gastronok
 13498 | Lair:1   | Killed Gastronok
 13677 | Lair:2   | Found a frozen archway.
 13685 | IceCv    | Entered an ice cave
 14898 | IceCv    | Reached skill level 10 in Invocations
 15018 | IceCv    | Noticed a reaper
 15026 | IceCv    | HP: 5/100 [reaper/+2 scythe of freezing (1)]
 15031 | IceCv    | Slain by a reaper

Levels and vault maps discovered:
D:1:      lemuel_arrival_cross, layout_basic
D:2:      layout_basic, lemuel_doored_altar, minmay_octomino_e4, uniq_sigmund
D:3:      layout_basic, old_standard_altar, uniq_robin, uniq_grinder,
          uniq_jessica
D:4:      layout_basic, lemuel_crystal_altar, grunt_temple_overflow_holy_war,
          kennysheep_little_box, kennysheep_slug_shrine,
          gup_ossuary_entry_pyramid, uniq_natasha
D:5:      layout_cave_pools, hellmonk_ghost_happy_afterlife, first_ration,
          serial_gnoll_camp, gnoll_camp_mini_shop, gnoll_camp_medium_01,
          grums_kennel, gnoll_camp_huts_basic, gnoll_camp_medium_02,
          gnoll_camp_mini_basic, minmay_tree_intersection
D:6:      layout_basic, basic_altar, interstate_on_off, uniq_prince_ribbit1
D:7:      minmay_slanted_spiral_squares, layout_loops_ring, old_standard_altar,
          zin_purify, eat_drink_and_be_merry_uskayaw, minmay_temple_entry_tees,
          uniq_crazy_yiuf_cottage
D:8:      layout_rooms, lair_entry_dummy, the_bakery, uniq_grum
Lair:1:   layout_roguey, uniq_joseph
Lair:2:   layout_gridlike, minmay_snake_entry_guardpost_medium,
          portal_ice_cave_entry_pillars_1, chequers_serial_rivers_micro_b,
          uniq_gastronok, uniq_fannar, uniq_maggie
IceCv:    ice_cave_small_demon

Skill      XL: |  1  2  3  4  5  6  7  8  9 10 11 12 |
---------------+-------------------------------------+-----
Dodging        | 1 2 3 5 6 |  6.8
Slings         | 1 2 3 |  3.0
Axes           | 2 3 4 5 6 7 8 |  8.5
Armour         | 2 3 4 6 7 8 |  8.4
Invocations    | 3 4 5 7 8 9 10 | 10.1
Fighting       | 4 5 6 7 |  7.2
Shields        | 1 3 4 |  4.3
Throwing       | 3 4 |  4.3
Evocations     | 2 3 |  3.5

Action                   |  1- 3 |  4- 6 |  7- 9 | 10-12 || total
-------------------------+-------+-------+-------+-------++-------
Melee: Hand axe          |    34 |   208 |   420 |   557 ||  1219
       Kick              |     6 |    41 |    83 |   141 ||   271
 Fire: Fustibalus        |    42 |       |       |       ||    42
       Hunting sling     |     4 |     6 |       |       ||    10
Invok: Depart the Abyss  |     1 |       |       |       ||     1
       Banish            |       |       |     2 |     8 ||    10
Evoke: Wand              |       |       |       |     3 ||     3
  Use: Scroll            |     7 |     2 |     9 |     5 ||    23
       Potion            |       |       |     7 |     5 ||    12
  Eat: Chunk             |       |     6 |    16 |    12 ||    34
       Ration            |       |       |     3 |     3 ||     6
Armor: Scale mail        |    37 |   171 |   232 |   218 ||   658
       Plate armour      |       |       |       |    81 ||    81
Dodge: Dodged            |    25 |    90 |   148 |   182 ||   445
Block: Buckler           |       |    31 |    99 |   164 ||   294

Table legend:
 A = Non-vault XP
 B = Vault XP
 C = Vault XP percentage of total XP
 D = Non-vault monster count
 E = Vault monster count
 F = Vault count percentage of total count
                 A         B        C        D         E       F
            +---------+---------+-------+---------+---------+-------
      Total |    9619 |    9735 |  50.3 |     193 |     150 |  43.7
            +---------+---------+-------+---------+---------+-------
        D:1 |      36 |       0 |   0.0 |      20 |       0 |   0.0
        D:2 |     122 |     209 |  63.1 |      32 |       3 |   8.6
        D:3 |     198 |     365 |  64.8 |      31 |      14 |  31.1
        D:4 |     308 |     258 |  45.6 |       7 |       6 |  46.2
        D:5 |     473 |    1416 |  75.0 |      16 |      49 |  75.4
        D:6 |    1097 |     300 |  21.5 |      18 |       1 |   5.3
        D:7 |    1846 |     789 |  29.9 |      32 |      13 |  28.9
        D:8 |     827 |     224 |  21.3 |      14 |       1 |   6.7
     Lair:1 |    4712 |    2731 |  36.7 |      23 |       2 |   8.0
    Ossuary |       0 |     410 | 100.0 |       0 |      39 | 100.0
      IceCv |       0 |    3033 | 100.0 |       0 |      22 | 100.0
            +---------+---------+-------+---------+---------+-------
